[Event "Titled Tuesday Blitz March 29 Late 2022"]
[White "Godzwon, Iwo"]
[Black "Rorrer, Grayson"]
[WhiteFideId "21802483"]
[BlackFideId "30944996"]
[WhiteElo "2201"]
[BlackElo "2122"]
[Result "0-1"]
[Round "06"]
[TimeControl "180+1"]
[Date "2022.03.30"]
[WhiteClock "0:00:05"]
[BlackClock "0:00:05"]

1. e4 e5 2. Nf3 Nc6 3. Bb5 a6 4. Ba4 g6 5. d4 b5 6. Bb3 exd4 7. Bg5 Be7 8. Bxe7 Qxe7 9. O-O Qc5 10. c3 d3 11. Qxd3 Nge7 12. Nbd2 O-O 13. Rfe1 d6 14. Rad1 Kg7 15. Nd4 Bg4 16. Rc1 Rae8 17. Nf1 Bd7 18. Ne3 Qh5 19. Nxc6 Bxc6 20. f3 h6 21. Qd4+ Kh7 22. Ng4 Ng8 23. c4 bxc4 24. Bxc4 Bb5 25. Bxb5 Qxb5 26. Rxc7 h5 27. Ne3 Qa5 28. Qc3 Qxa2 29. Nd5 Rb8 30. b4 a5 31. Ra1 axb4 32. Rxa2 bxc3 33. Rxc3 Rb1+ 34. Kf2 Rfb8 35. Rc7 R8b2+ 36. Rxb2 Rxb2+ 37. Kg3 Kg7 38. Rd7 h4+ 39. Kh3 Nh6 40. Rxd6 g5 41. Ne3 Re2 42. Nf5+ Nxf5 43. exf5 f6 44. Rd7+ Kg8 45. Rd6 Kf7 46. Rc6 Re5 47. Kg4 Re2 48. Rc7+ Kf8 49. Kh5 Rxg2 50. Kg6 Rxh2 51. Kxf6 Ke8 52. Kg7 Rf2 53. f6 Rxf3 54. f7+ Kd8 55. Rc5 g4 56. Rg5 g3 57. Rg4 h3 58. f8=Q+ Rxf8 59. Kxf8 h2 60. Rd4+ Kc7 61. Rc4+ Kd6 62. Rc1 Ke5 63. Rh1 g2 64. Rxh2 g1=Q 65. Rh7 Qg6 66. Rg7 Qf6+ 67. Rf7 Qh8+ 68. Ke7 Qc8 69. Rg7 Qc7+ 70. Kf8 Qd8+ 71. Kf7 Qd7+ 72. Kg8 Qe8+ 73. Kh7 Kf6 74. Kh6 Qf8 75. Kh5 Qxg7 0-1


[Site "https://www.chess.com"]

[Event "Titled Tuesday Blitz March 29 Late 2022"]
[White "Goltsev, Dmitry"]
[Black "Lewicki, Miroslaw"]
[WhiteFideId "24176710"]
[BlackFideId "1113380"]
[WhiteElo "2273"]
[BlackElo "2283"]
[Result "1-0"]
[Round "06"]
[TimeControl "180+1"]
[Date "2022.03.30"]
[WhiteClock "0:00:51"]
[BlackClock "0:00:07"]

1. e4 c5 2. Nf3 d6 3. d4 cxd4 4. Nxd4 Nf6 5. Nc3 a6 6. Bg5 Nbd7 7. Qd2 Qc7 8. O-O-O e6 9. f4 Be7 10. Be2 b6 11. Bf3 Bb7 12. Rhe1 h6 13. Bh4 g5 14. fxg5 Nh7 15. Kb1 hxg5 16. Bg3 Ne5 17. h3 Nf6 18. Nb3 g4 19. hxg4 Nfxg4 20. Bxg4 Nxg4 21. Bxd6 Bxd6 22. Qxd6 Qxd6 23. Rxd6 b5 24. Na5 Rb8 25. Red1 Rh2 26. a3 Rxg2 27. Nxb7 Rxb7 28. Rxa6 Ne3 29. Rc1 b4 30. axb4 Rxb4 31. b3 Nc4 32. Rc6 Nd2+ 33. Ka1 Nxe4 34. Kb2 Nxc3 35. Rxc3 Rd2 36. Ra1 Rb7 37. Ra8+ Ke7 38. Rh8 e5 39. Rc4 Ke6 40. Rc5 Rbd7 41. Re8+ Re7 42. Rxe5+ Kxe5 43. Rxe7+ Kf6 44. Ra7 Ke6 45. Kc3 Rd8 46. b4 f5 47. b5 f4 48. Ra1 Rc8+ 49. Kb3 Kd5 50. Rd1+ Kc5 51. c4 f3 52. Rd5+ Kb6 53. Rf5 1-0


[Site "https://www.chess.com"]

[Event "Titled Tuesday Blitz March 29 Late 2022"]
[White "Golubev, Mikhail"]
[Black "Almedina Ortiz, Edgardo J."]
[WhiteFideId "14100983"]
[BlackFideId "3100197"]
[WhiteElo "2374"]
[BlackElo "2217"]
[Result "1-0"]
[Round "06"]
[TimeControl "180+1"]
[Date "2022.03.30"]
[WhiteClock "0:01:12"]
[BlackClock "0:00:02"]

1. e4 e5 2. Nf3 Nc6 3. Bb5 a6 4. Ba4 Nf6 5. O-O Be7 6. Re1 b5 7. Bb3 d6 8. a4 Na5 9. Ba2 Bb7 10. d3 c5 11. Bg5 O-O 12. Bxf6 Bxf6 13. Nc3 b4 14. Nd5 b3 15. Bxb3 Nxb3 16. cxb3 Bxd5 17. exd5 Rb8 18. Nd2 Rb4 19. Re4 Qb8 20. Qg4 Rxe4 21. Nxe4 Be7 22. Qd7 Re8 23. b4 cxb4 24. Rc1 Bf8 25. Rc7 Re7 26. Nf6+ gxf6 27. Qg4+ Kh8 28. Rc6 Rc7 29. Qc4 Rxc6 30. dxc6 Qc7 31. Qxa6 Kg7 32. Qb7 Qa5 33. c7 Qxa4 34. g3 Qd1+ 35. Kg2 Qxd3 36. c8=Q d5 37. Qg4+ 1-0


[Site "https://www.chess.com"]

[Event "Titled Tuesday Blitz March 29 Late 2022"]
[White "Goryachkina, Aleksandra"]
[Black "Karas, Marek"]
[WhiteFideId "4147103"]
[BlackFideId "14928558"]
[WhiteElo "2426"]
[BlackElo "2271"]
[Result "1-0"]
[Round "06"]
[TimeControl "180+1"]
[Date "2022.03.30"]
[WhiteClock "0:00:02"]
[BlackClock "0:00:07"]

1. e4 e6 2. d4 d5 3. Nd2 a6 4. Ngf3 c5 5. exd5 exd5 6. Be2 Nf6 7. O-O Nc6 8. dxc5 Bxc5 9. Nb3 Bb6 10. Bg5 O-O 11. c3 Be6 12. Nfd4 h6 13. Bh4 g5 14. Bg3 Ne4 15. Bf3 Qf6 16. Re1 Nxg3 17. hxg3 Nxd4 18. Nxd4 Bxd4 19. cxd4 Rac8 20. Re5 Rfd8 21. Qd3 b5 22. Rae1 Rc4 23. b3 Rc6 24. Qe3 Rc2 25. a3 Rdc8 26. Rd1 g4 27. Be2 Kg7 28. Bd3 R2c3 29. a4 Rxb3 30. axb5 axb5 31. Qe2 Rbc3 32. Bxb5 Rc2 33. Qe1 R8c3 34. Bf1 Ra3 35. Re2 Raa2 36. Rxc2 Rxc2 37. Qe3 Ra2 38. Bd3 Ra3 39. Qe2 Qxd4 40. Bf5 1-0


[Site "https://www.chess.com"]

[Event "Titled Tuesday Blitz March 29 Late 2022"]
[White "Gracia Alvarez, Gerardo Antonio"]
[Black "Erdogdu, Mert"]
[WhiteFideId "5109124"]
[BlackFideId "6301495"]
[WhiteElo "2139"]
[BlackElo "2485"]
[Result "1-0"]
[Round "06"]
[TimeControl "180+1"]
[Date "2022.03.30"]
[WhiteClock "0:00:06"]
[BlackClock "0:00:07"]

1. e4 c5 2. Nc3 d6 3. d4 cxd4 4. Qxd4 Nc6 5. Qd2 g6 6. b3 Bh6 7. f4 Nf6 8. Bb2 O-O 9. O-O-O e5 10. Nge2 Re8 11. Kb1 Bg4 12. g3 exf4 13. gxf4 Bf3 14. Rg1 Rc8 15. Bg2 Bxg2 16. Rxg2 Nxe4 17. Nxe4 Rxe4 18. Qc3 Nd4 19. Qh3 Nf5 20. Ng3 Re3 21. Bc1 Rec3 22. Qg4 Nxg3 23. hxg3 Bg7 24. Bb2 Qc7 25. Qe2 a5 26. Qd2 Rc6 27. c4 Bxb2 28. Qxb2 a4 29. Rh2 f5 30. g4 Qf7 31. g5 axb3 32. axb3 b5 33. Rdh1 bxc4 34. Rxh7 Qxh7 35. Rxh7 Kxh7 36. Qh2+ Kg7 37. Qh6+ Kf7 38. Qh7+ Ke8 39. Qxg6+ Kd8 40. Qf6+ Kd7 41. Qxf5+ Kc7 42. Qf7+ Kb6 43. g6 c3 44. g7 c2+ 45. Kc1 Ra8 46. Qf6 d5 47. Qd4+ Kb5 48. Qxd5+ Rc5 49. Qxa8 Kb4 50. Qf8 Kxb3 51. Qxc5 1-0


[Site "https://www.chess.com"]

[Event "Titled Tuesday Blitz March 29 Late 2022"]
[White "Guerrero Vargas, Andres Jesus"]
[Black "Curtis, John"]
[WhiteFideId "3902048"]
[BlackFideId "3200256"]
[WhiteElo "2231"]
[BlackElo "2203"]
[Result "0-1"]
[Round "06"]
[TimeControl "180+1"]
[Date "2022.03.30"]
[WhiteClock "0:00:19"]
[BlackClock "0:01:00"]

1. d4 Nf6 2. Bf4 Nh5 3. Bc1 d5 4. e4 Nf6 5. exd5 Nxd5 6. c4 Nb6 7. Nc3 e6 8. Nf3 Be7 9. Bd3 O-O 10. O-O N8d7 11. Qe2 Nf6 12. h3 Bd7 13. Bf4 Na4 14. Ne4 Nxe4 15. Qxe4 g6 16. Qe2 Nb6 17. Bh6 Re8 18. Rfd1 Bc6 19. Ne5 Nd7 20. Nxc6 bxc6 21. Qf3 c5 22. d5 Ne5 23. Qf4 Bd6 24. dxe6 Rxe6 25. Qd2 Qh4 26. Bg5 Qd4 27. Be3 Qxd3 28. Qxd3 Nxd3 29. Rxd3 a5 30. b3 a4 31. Bh6 axb3 32. Rxb3 Re4 33. Rab1 f5 34. Rb8+ Rxb8 35. Rxb8+ Kf7 36. Rh8 Re1# 0-1


[Site "https://www.chess.com"]

[Event "Titled Tuesday Blitz March 29 Late 2022"]
[White "Gurevich, Dmitry"]
[Black "Mikhailov, Viacheslav"]
[WhiteFideId "2000407"]
[BlackFideId "4187369"]
[WhiteElo "2506"]
[BlackElo "2381"]
[Result "0-1"]
[Round "06"]
[TimeControl "180+1"]
[Date "2022.03.29"]
[WhiteClock "0:00:35"]
[BlackClock "0:00:19"]

1. d4 c5 2. d5 e5 3. e4 d6 4. Bb5+ Nd7 5. a4 a6 6. Be2 Be7 7. Nf3 Nf8 8. O-O Bg4 9. Nfd2 Bxe2 10. Qxe2 Ng6 11. g3 h5 12. h4 Bxh4 13. gxh4 Qxh4 14. Nf3 Qg4+ 15. Kh1 Nh4 16. Rg1 Qxf3+ 17. Qxf3 Nxf3 18. Rxg7 Nf6 19. Nc3 Ng4 20. Kg2 Ne1+ 21. Kf1 Nxc2 22. Rb1 Kf8 23. Rg5 f6 24. Rf5 Nd4 25. b4 Nxf5 26. exf5 c4 27. f3 Nh6 28. Bxh6+ Rxh6 29. Ne4 Ke7 30. Kg2 h4 31. Kh3 Rg8 32. b5 a5 33. Rc1 Rc8 34. Nc3 Rh5 35. Ne4 Rxf5 36. Kg2 h3+ 37. Kh2 Rxf3 38. Rg1 f5 39. Ng5 Rf2+ 40. Kxh3 c3 41. Kg3 Rd2 0-1


[Site "https://www.chess.com"]

[Event "Titled Tuesday Blitz March 29 Late 2022"]
[White "Hjartarson, Johann"]
[Black "Przybylski, Wojciech"]
[WhiteFideId "2300044"]
[BlackFideId "1117599"]
[WhiteElo "2450"]
[BlackElo "2133"]
[Result "1-0"]
[Round "06"]
[TimeControl "180+1"]
[Date "2022.03.29"]
[WhiteClock "0:00:24"]
[BlackClock "0:00:01"]

1. e4 e5 2. Nf3 Nc6 3. Bb5 Nf6 4. O-O Nxe4 5. d4 Nd6 6. Bxc6 dxc6 7. dxe5 Nf5 8. Qxd8+ Kxd8 9. Nc3 Ke8 10. h3 Be7 11. Re1 h6 12. g4 Nh4 13. Nxh4 Bxh4 14. Kg2 h5 15. Re4 hxg4 16. hxg4 Be7 17. f3 Be6 18. Re2 c5 19. Be3 Kd7 20. Ne4 Kc6 21. b3 c4 22. Bg5 Bb4 23. a3 Bc5 24. b4 Bb6 25. a4 Bd4 26. Rd1 Bxe5 27. Be3 b5 28. axb5+ Kxb5 29. Nf2 Bd6 30. c3 f5 31. gxf5 Bf7 32. Ra1 Kc6 33. Ng4 Bd5 34. Bd4 Rhe8 35. Ne3 Rf8 36. Rea2 Bf7 37. Ra6+ Kd7 38. Rxa7 Rxa7 39. Rxa7 Bh5 40. b5 1-0


[Site "https://www.chess.com"]

[Event "Titled Tuesday Blitz March 29 Late 2022"]
[White "Ilyasli, Ughur"]
[Black "Batsiashvili, Nino"]
[WhiteFideId "13416197"]
[BlackFideId "13602993"]
[WhiteElo "2045"]
[BlackElo "2192"]
[Result "0-1"]
[Round "06"]
[TimeControl "180+1"]
[Date "2022.03.30"]
[WhiteClock "0:00:09"]
[BlackClock "0:00:42"]

1. d4 d5 2. c4 e6 3. Nc3 c5 4. Nf3 Nf6 5. cxd5 exd5 6. e3 Nc6 7. Be2 c4 8. O-O a6 9. b3 b5 10. Ne5 Bb7 11. bxc4 dxc4 12. Bf3 Rc8 13. Nxc6 Bxc6 14. d5 Ba8 15. e4 b4 16. Na4 Nd7 17. Bf4 c3 18. e5 Qa5 19. e6 fxe6 20. dxe6 Nf6 21. Bxa8 Rxa8 22. Be3 Be7 23. Nb6 Rd8 24. Qb3 O-O 25. a3 Ng4 26. Nd7 Nxe3 27. fxe3 Rxf1+ 28. Rxf1 Qxa3 29. Qc2 Qa5 30. Qf2 Qh5 31. Qf7+ Qxf7 32. exf7+ Kh8 33. f8=Q+ Bxf8 34. Nxf8 c2 35. Nd7 Kg8 36. Nc5 Rd1 37. Nb3 a5 38. Kf2 a4 39. Nc1 b3 40. Ke2 Rxf1 41. Kxf1 b2 0-1


[Site "https://www.chess.com"]

[Event "Titled Tuesday Blitz March 29 Late 2022"]
[White "Indjic, Aleksandar"]
[Black "Bordi, Kevin"]
[WhiteFideId "911925"]
[BlackFideId "621862"]
[WhiteElo "2616"]
[BlackElo "2809"]
[Result "1-0"]
[Round "06"]
[TimeControl "180+1"]
[Date "2022.03.29"]
[WhiteClock "0:01:35"]
[BlackClock "0:02:09"]

1. d4 d5 2. c4 c6 3. cxd5 cxd5 4. Bg5 Nc6 5. Nc3 Bf5 6. e3 h6 7. Bh4 Qb6 8. Qd2 O-O-O 9. Bd3 Bxd3 10. Qxd3 e5 11. Bxd8 Qxd8 12. dxe5 Qb6 13. O-O-O Nge7 14. Nxd5 Qc5+ 15. Nc3 Ng6 16. Qd7+ Kb8 17. Qe8+ Kc7 18. Qxf7+ 1-0


[Site "https://www.chess.com"]

[Event "Titled Tuesday Blitz March 29 Late 2022"]
[White "Jaferian, Koosha"]
[Black "Sztokbant, Bernardo Vainzoff"]
[WhiteFideId "12507440"]
[BlackFideId "2115956"]
[WhiteElo "2030"]
[BlackElo "2237"]
[Result "1/2-1/2"]
[Round "06"]
[TimeControl "180+1"]
[Date "2022.03.30"]
[WhiteClock "0:00:21"]
[BlackClock "0:00:06"]

1. Nf3 Nf6 2. b3 g6 3. Bb2 Bg7 4. g3 O-O 5. Bg2 c5 6. c4 Nc6 7. O-O d5 8. cxd5 Nxd5 9. Bxg7 Kxg7 10. Qc1 b6 11. d4 Ba6 12. dxc5 Rc8 13. Qb2+ Kg8 14. cxb6 Qxb6 15. Ne5 Nd4 16. Bxd5 Nxe2+ 17. Kg2 Rc5 18. Nd7 Qd6 19. Nxc5 Qxd5+ 20. f3 Qxc5 21. Nd2 f5 22. Rae1 Rd8 23. Rf2 Nc3 24. Nc4 Bxc4 25. bxc4 Nd1 26. Rxd1 Rxd1 27. Qe2 Rd4 28. Qe6+ Kg7 29. Re2 Rxc4 30. Qxe7+ Qxe7 31. Rxe7+ Kf6 32. Rxa7 h5 33. f4 h4 34. a4 hxg3 35. hxg3 Rc2+ 36. Kh3 Ra2 37. a5 Ra3 38. a6 Ke6 39. Ra8 Kf6 40. Kg2 Kg7 41. Kf2 Kh7 42. Ke2 Rxg3 43. Rb8 Ra3 44. Rb6 Kh6 45. Kf2 Kh5 46. Kg2 Kg4 47. Rxg6+ Kxf4 48. Rb6 Ra2+ 49. Kf1 Kf3 50. Rb3+ Kg4 51. Rb6 f4 52. Rb3 Rxa6 53. Rc3 Rb6 54. Ra3 Rb2 55. Rc3 Ra2 56. Rb3 Rc2 57. Ra3 Kg5 58. Rb3 Kg4 59. Ra3 f3 60. Ra8 Kf4 61. Rf8+ Kg3 62. Rg8+ Kf4 63. Rf8+ Ke3 64. Re8+ Kd2 65. Kf2 Rc3 66. Rd8+ Kc2 67. Rf8 Kb2 68. Rxf3 Rxf3+ 69. Kxf3 1/2-1/2


[Site "https://www.chess.com"]

[Event "Titled Tuesday Blitz March 29 Late 2022"]
[White "Jarocka, Liwia"]
[Black "Qashashvili, Alexandre"]
[WhiteFideId "21807558"]
[BlackFideId "13600842"]
[WhiteElo "1896"]
[BlackElo "2316"]
[Result "1-0"]
[Round "06"]
[TimeControl "180+1"]
[Date "2022.03.30"]
[WhiteClock "0:00:15"]
[BlackClock "0:00:10"]

1. d4 c6 2. Nf3 d5 3. g3 Bf5 4. Bg2 Qc8 5. O-O Bh3 6. c4 h5 7. Bf4 Nf6 8. Nc3 h4 9. cxd5 hxg3 10. Bxg3 Bxg2 11. Kxg2 cxd5 12. Nb5 Na6 13. Rc1 Qh3+ 14. Kg1 Ne4 15. Qa4 Kd8 16. Qa5+ Ke8 17. Nc7+ Nxc7 18. Rxc7 f6 19. Rxb7 g5 20. Qxd5 Nxg3 21. fxg3 g4 22. Rc7 gxf3 23. Qxa8+ Kf7 24. Qd5+ Ke8 25. Rf2 fxe2 26. Qb5+ Kf7 27. Qxe2 Rh5 28. Rc5 Rh7 29. Rcf5 Bh6 30. d5 Rg7 31. Qe6+ Kf8 32. Rxf6+ exf6 33. Qxh3 Be3 34. Qc8+ Kf7 35. Qe6+ Kg6 36. Qxe3 Kf7 37. Qf3 Kg6 38. Qf5+ Kf7 39. Qxf6+ Kg8 40. Qxg7+ Kxg7 41. d6 a5 42. d7 a4 43. d8=Q a3 44. Qf6+ Kh7 45. Qh4+ Kg6 46. Rf6+ Kg7 47. Qh6+ Kg8 48. Rf8# 1-0


[Site "https://www.chess.com"]

[Event "Titled Tuesday Blitz March 29 Late 2022"]
[White "Jary, Sergey"]
[Black "Dreev, Aleksey"]
[WhiteFideId "14110350"]
[BlackFideId "4100107"]
[WhiteElo "2260"]
[BlackElo "2625"]
[Result "1/2-1/2"]
[Round "06"]
[TimeControl "180+1"]
[Date "2022.03.29"]
[WhiteClock "0:01:04"]
[BlackClock "0:00:37"]

1. e4 c5 2. Nf3 e6 3. c4 Nc6 4. Nc3 Nf6 5. d4 cxd4 6. Nxd4 Bb4 7. Nxc6 dxc6 8. Bd3 e5 9. O-O Be6 10. Rb1 O-O 11. a3 Bxc3 12. bxc3 Qc7 13. Qe2 Nd7 14. f4 exf4 15. Bxf4 Ne5 16. c5 Rad8 17. Rfd1 f6 18. h3 Qe7 19. Bxe5 fxe5 20. Qe3 Rd7 21. Kh2 Rfd8 22. Be2 Rxd1 23. Rxd1 Rxd1 24. Bxd1 h6 25. Bh5 Qf8 26. Kg1 Kh7 27. Qf2 Qe7 28. Bg4 Bxg4 29. hxg4 g6 30. g3 Kg7 31. Kg2 Qf7 32. Qd2 Qe7 33. Qf2 Qd7 34. Qe2 Qe6 35. Qb2 Qf7 36. Qd2 Qe7 37. Qf2 1/2-1/2


[Site "https://www.chess.com"]

[Event "Titled Tuesday Blitz March 29 Late 2022"]
[White "Kadric, Denis"]
[Black "Petrovic, Aleksa"]
[WhiteFideId "14403803"]
[BlackFideId "967629"]
[WhiteElo "2657"]
[BlackElo "2245"]
[Result "0-1"]
[Round "06"]
[TimeControl "180+1"]
[Date "2022.03.29"]
[WhiteClock "0:02:50"]
[BlackClock "0:02:04"]

1. d3 d5 2. Nd2 Nf6 3. e4 c5 4. g3 e6 5. Bg2 Nc6 6. Nh3 Be7 7. O-O O-O 8. c3 b6 9. Re1 Ba6 10. Bf1 dxe4 11. dxe4 Bxf1 12. Kxf1 Qd3+ 13. Kg2 Rfd8 14. f4 Nxe4 0-1


[Site "https://www.chess.com"]

[Event "Titled Tuesday Blitz March 29 Late 2022"]
[White "Kaganskiy, Gleb"]
[Black "Ricaurte Lopez, Juan Carlos"]
[WhiteFideId "4132025"]
[BlackFideId "3600327"]
[WhiteElo "2165"]
[BlackElo "2209"]
[Result "0-1"]
[Round "06"]
[TimeControl "180+1"]
[Date "2022.03.30"]
[WhiteClock "0:00:02"]
[BlackClock "0:00:10"]

1. e4 e5 2. Nf3 Nc6 3. Bc4 Nf6 4. d3 Bc5 5. c3 d6 6. Nbd2 a5 7. h3 O-O 8. O-O Be6 9. Bb5 Ne7 10. d4 exd4 11. cxd4 Bb6 12. Re1 Ng6 13. Nf1 c6 14. Bd3 a4 15. Ng3 Re8 16. Bg5 h6 17. Bd2 Ba5 18. Bxa5 Rxa5 19. Qd2 Nh5 20. d5 Bd7 21. Nxh5 cxd5 22. exd5 Rxd5 23. Rxe8+ Bxe8 24. Qc2 Ne5 25. Bh7+ Kf8 26. Nxe5 Rxe5 27. Ng3 Qf6 28. Bd3 Rc5 29. Qe2 g6 30. Qf3 Qxb2 31. Re1 Bc6 32. Qe2 Qxe2 33. Rxe2 Rc3 34. Be4 a3 35. Bxc6 bxc6 36. Ne4 Rc1+ 37. Kh2 d5 38. Nf6 d4 39. Nd7+ Kg7 40. Rd2 c5 41. Rd3 Rc3 0-1


[Site "https://www.chess.com"]

[Event "Titled Tuesday Blitz March 29 Late 2022"]
[White "Kamsky, Gata"]
[Black "Hakobyan, Aram"]
[WhiteFideId "2000024"]
[BlackFideId "13306677"]
[WhiteElo "2645"]
[BlackElo "2557"]
[Result "1-0"]
[Round "06"]
[TimeControl "180+1"]
[Date "2022.03.29"]
[WhiteClock "0:00:33"]
[BlackClock "0:00:06"]

1. d4 Nf6 2. Bf4 b6 3. e3 Bb7 4. Nf3 Nh5 5. Bg3 h6 6. a4 a5 7. Nbd2 e6 8. Bd3 Be7 9. Ne5 Nxg3 10. hxg3 d6 11. Nef3 Nd7 12. Be4 d5 13. Bd3 Bd6 14. c3 Qe7 15. Qe2 e5 16. dxe5 Nxe5 17. Nxe5 Bxe5 18. Bb5+ c6 19. Bd3 O-O 20. Kf1 Rfe8 21. Re1 Rad8 22. Qh5 Bc8 23. Nf3 Qf6 24. g4 g6 25. Qxh6 Bxg4 26. Nxe5 Rxe5 27. Qh7+ Kf8 28. Qh8+ Ke7 29. Qxf6+ Kxf6 30. f3 Bd7 31. Kf2 Rde8 32. g4 R5e7 33. Rh7 Ke6 34. g5 Kd6 35. e4 c5 36. b3 Bc6 37. Rd1 dxe4 38. Bxe4+ Kc7 39. Bxc6 Kxc6 40. Kg3 b5 41. axb5+ Kxb5 42. Kf4 Ra8 43. Rd5 a4 44. b4 a3 45. Rxc5+ Kb6 46. Rh1 a2 47. Ra1 Re2 48. c4 Rb2 49. Rb5+ Kc6 50. Ra5 Rxa5 51. bxa5 Kc5 52. Ke5 Kxc4 53. Kf6 Kb3 54. Kxf7 Rb1 55. Rxa2 Kxa2 56. Kxg6 Rb5 57. f4 Rxa5 58. f5 Kb3 59. f6 Ra6 60. Kg7 Kc4 61. f7 Ra7 62. Kg8 Ra6 63. f8=Q Rg6+ 64. Qg7 1-0


[Site "https://www.chess.com"]

[Event "Titled Tuesday Blitz March 29 Late 2022"]
[White "Karavaeva, Olga"]
[Black "Harish, Neeraj"]
[WhiteFideId "4124111"]
[BlackFideId "30958130"]
[WhiteElo "2105"]
[BlackElo "1574"]
[Result "0-1"]
[Round "06"]
[TimeControl "180+1"]
[Date "2022.03.30"]
[WhiteClock "0:00:40"]
[BlackClock "0:00:21"]

1. c4 Nf6 2. Nc3 g6 3. g3 d5 4. cxd5 Nxd5 5. Bg2 Nxc3 6. bxc3 Bg7 7. Nf3 O-O 8. h4 h6 9. d4 c5 10. Be3 Nc6 11. O-O Bg4 12. d5 Na5 13. Rc1 Rc8 14. c4 e6 15. Qd2 exd5 16. cxd5 c4 17. Bxh6 c3 18. Qf4 Rc4 19. Qg5 Qxg5 20. Bxg5 c2 21. Be7 Re8 22. d6 Bb2 23. Ne5 Bxe5 24. f3 Bd7 25. e4 Bb2 26. f4 Bxc1 27. Rxc1 Nc6 28. Bf6 Nb4 29. Bb2 Nxa2 30. Bf1 Rc6 31. e5 Nxc1 32. Bxc1 Rb6 0-1


[Site "https://www.chess.com"]

[Event "Titled Tuesday Blitz March 29 Late 2022"]
[White "Kazmaier, Daniel"]
[Black "Krstulovic, Alex"]
[WhiteFideId "2606089"]
[BlackFideId "760056"]
[WhiteElo "2389"]
[BlackElo "2193"]
[Result "0-1"]
[Round "06"]
[TimeControl "180+1"]
[Date "2022.03.30"]
[WhiteClock "0:00:14"]
[BlackClock "0:01:49"]

1. d4 Nf6 2. Nf3 d5 3. Bf4 c5 4. e3 e6 5. c3 Nc6 6. Nbd2 cxd4 7. exd4 Nh5 8. Bg5 f6 9. Be3 Bd6 10. g3 O-O 11. Bg2 f5 12. Ne5 f4 13. Nxc6 bxc6 14. Qxh5 fxe3 15. fxe3 Rb8 16. b4 a5 17. a3 Ba6 18. e4 Qf6 19. Bf3 dxe4 20. Nxe4 Qxf3 21. Qxf3 Rxf3 22. Nxd6 Rd8 23. O-O-O Rxd6 24. Kb2 Rf2+ 25. Kb3 Rd8 26. Rhe1 a4+ 27. Kxa4 Bb5+ 28. Ka5 Ra2 29. Kb6 Rxa3 30. Rxe6 Rxc3 31. d5 Ra3 32. d6 Rd7 33. Re7 Ra6+ 34. Kc5 Rxe7 35. dxe7 Kf7 36. Re1 Ke8 0-1


[Site "https://www.chess.com"]

[Event "Titled Tuesday Blitz March 29 Late 2022"]
[White "Khanin, Semen"]
[Black "Svane, Rasmus"]
[WhiteFideId "4111990"]
[BlackFideId "4657101"]
[WhiteElo "2442"]
[BlackElo "2645"]
[Result "0-1"]
[Round "06"]
[TimeControl "180+1"]
[Date "2022.03.29"]
[WhiteClock "0:00:02"]
[BlackClock "0:00:05"]

1. e4 c6 2. d4 d5 3. Nd2 dxe4 4. Nxe4 Nf6 5. Nxf6+ exf6 6. c3 Bd6 7. Bd3 O-O 8. Qc2 Re8+ 9. Ne2 h5 10. O-O h4 11. Nf4 Nd7 12. Qd1 Nf8 13. Qh5 Qc7 14. g3 g5 15. Ng2 Kg7 16. f4 hxg3 17. fxg5 gxh2+ 18. Kh1 f5 19. Nh4 Bg3 20. Qh6+ Kg8 21. g6 fxg6 22. Nxg6 Qg7 23. Qxg7+ Kxg7 24. Nxf8 Rxf8 25. Bf4 Bxf4 26. Rxf4 Be6 27. Kxh2 Rf6 28. Rg1+ Rg6 29. Rg3 Rh8+ 30. Rh3 Rxh3+ 31. Kxh3 Kf6 32. Kh2 Rg5 33. a3 Rh5+ 34. Kg1 Kg5 35. Rf2 Rh3 36. Bf1 Re3 37. Re2 Kf4 38. Kf2 Rf3+ 39. Ke1 Bd5 40. Bg2 Re3 41. Bf1 Bf3 42. Rxe3 Kxe3 43. Bh3 f4 44. Bc8 b6 45. Bb7 Be4 46. Ba6 f3 47. Bf1 Bc2 48. Bh3 f2+ 0-1


[Site "https://www.chess.com"]

[Event "Titled Tuesday Blitz March 29 Late 2022"]
[White "Kosakowski, Jakub"]
[Black "Vusatiuk, Vladimir"]
[WhiteFideId "1185080"]
[BlackFideId "14118610"]
[WhiteElo "2476"]
[BlackElo "2157"]
[Result "1-0"]
[Round "06"]
[TimeControl "180+1"]
[Date "2022.03.29"]
[WhiteClock "0:00:41"]
[BlackClock "0:00:01"]

1. Nc3 d5 2. d4 Nf6 3. Bf4 e6 4. Nb5 Na6 5. e3 Be7 6. Nf3 O-O 7. h3 c5 8. a4 Ne4 9. Be2 Nd6 10. O-O Nc7 11. c4 Ncxb5 12. cxb5 cxd4 13. exd4 a6 14. bxa6 bxa6 15. Ne5 Bd7 16. Qd3 Be8 17. Rfc1 Qb6 18. a5 Qb7 19. Qd2 Ne4 20. Qe3 f6 21. Nd3 g5 22. Bh2 Bf7 23. f3 Nd6 24. Nc5 Qc8 25. b3 Nf5 26. Qd2 Qd8 27. Nb7 Qe8 28. Rc7 Rc8 29. Rac1 Rxc7 30. Rxc7 Bd8 31. Nxd8 Qxd8 32. Bxa6 Nd6 33. Rc6 Ne8 34. Bb5 Qa8 35. a6 Qa7 36. Qb4 Kg7 37. Qc5 Qa8 38. a7 Nd6 39. Bxd6 1-0


[Site "https://www.chess.com"]

[Event "Titled Tuesday Blitz March 29 Late 2022"]
[White "Kosteniuk, Alexandra"]
[Black "Aldokhin, Ivan"]
[WhiteFideId "4128125"]
[BlackFideId "24115720"]
[WhiteElo "2469"]
[BlackElo "2231"]
[Result "1-0"]
[Round "06"]
[TimeControl "180+1"]
[Date "2022.03.29"]
[WhiteClock "0:00:35"]
[BlackClock "0:00:03"]

1. Nf3 Nf6 2. g3 g6 3. Bg2 Bg7 4. O-O O-O 5. c4 d6 6. d4 Nbd7 7. Nc3 e5 8. dxe5 dxe5 9. Be3 Ng4 10. Bg5 f6 11. Bd2 Nb6 12. h3 Nh6 13. Qc1 Nf5 14. b3 Nd4 15. Rd1 Nxf3+ 16. exf3 Be6 17. f4 Qc8 18. Kh2 Nd7 19. Qa3 Re8 20. c5 f5 21. c6 bxc6 22. Bxc6 exf4 23. gxf4 Nf6 24. Rac1 Rf8 25. Be3 Nh5 26. Bxa8 Qxa8 27. Qe7 Re8 28. Qxc7 Qf3 29. Rd8 Rxd8 30. Qxd8+ Kf7 31. Qd1 Qxd1 32. Nxd1 Bd5 33. Rc7+ Ke6 34. Rxa7 Bf3 35. Rxg7 Nxg7 36. Nc3 Ne8 37. Kg3 Ba8 38. a4 Nd6 39. f3 Kd7 40. Bd4 Kc6 41. Kf2 Nf7 42. Ke3 Nd8 43. b4 Ne6 44. Be5 Bb7 45. h4 Kb6 46. a5+ Ka6 47. Bd6 Bc6 48. Na2 Kb5 49. Nc1 Kc4 50. Nd3 Bb5 51. Ne5+ Kc3 52. Nf7 Kc4 53. Nh6 Nd4 54. Ng8 Nc2+ 55. Kf2 Nd4 56. Nf6 h6 57. Ng8 h5 58. Ne7 1-0


[Site "https://www.chess.com"]

[Event "Titled Tuesday Blitz March 29 Late 2022"]
[White "Kostiukov, Alexandr"]
[Black "Petrova, Irina"]
[WhiteFideId "14108100"]
[BlackFideId "14124122"]
[WhiteElo "2202"]
[BlackElo "1993"]
[Result "0-1"]
[Round "06"]
[TimeControl "180+1"]
[Date "2022.03.30"]
[WhiteClock "0:00:07"]
[BlackClock "0:00:44"]

1. g3 d6 2. Bg2 e5 3. c4 Nc6 4. Nc3 f5 5. e3 Nf6 6. Nge2 g6 7. O-O Bg7 8. d4 e4 9. f3 exf3 10. Bxf3 O-O 11. Nf4 Bd7 12. a3 Rb8 13. b4 Ne7 14. d5 g5 15. Ne6 Bxe6 16. dxe6 Ne4 17. Nxe4 fxe4 18. Bxe4 Bxa1 19. Qh5 Rxf1+ 20. Kxf1 Qf8+ 21. Kg2 Qg7 22. Bd3 Rf8 23. e4 Bd4 24. Bxg5 Rf2+ 25. Kh3 Ng6 26. e7 Nxe7 27. Qe8+ Rf8 28. Qxe7 Qxe7 29. Bxe7 Rf3 30. Be2 Rxa3 31. Bg4 Kf7 32. Bd8 c6 33. Bh5+ Kg7 34. Kg4 b6 35. Be8 c5 36. b5 a5 37. bxa6 Rxa6 38. h4 Ra8 39. Bc6 Rxd8 40. Kf5 Rf8+ 41. Ke6 Be5 42. g4 Rf6+ 43. Kd7 Rf4 0-1


[Site "https://www.chess.com"]